 Dungeon Crawl Stone Soup version 0.28.0-1-gb440e238dd (webtiles) character file.

Game seed: 13447635696865155921

161 croobank the Firebug (level 4, -3/35 HPs)
             Began as a Demigod Fire Elementalist on Feb 27, 2022.
             Killed by divine providence
             ... invoked by an orc priest
              (12 damage)
             ... on level 4 of the Dungeon.
             The game lasted 00:09:13 (3231 turns).

croobank the Firebug (Demigod Fire Elementalist)    Turns: 3231, Time: 00:09:19

Health: -3/35      AC:  2    Str:  9    XL:     4   Next: 97%
Magic:  3/10       EV: 12    Int: 21    God:
Gold:   112        SH:  0    Dex: 14    Spells: 4/7 levels left

rFire   . . .      SeeInvis .   n - +2 whip (freeze)
rCold   . . .      Faith    .   (no shield)
rNeg    . . .      Spirit   .   a - +0 robe
rPois   .          Reflect  .   (no helmet)
rElec   .          Harm     .   (no cloak)
rCorr   .          Rampage  .   (no gloves)
Will    .....                   (no boots)
Stlth   ++........              (no amulet)
HPRegen 0.11/turn               (no ring)
MPRegen 0.12/turn               (no ring)

@: mighty
A: high MP 1, forlorn, divine attributes
a: no special abilities


You were on level 4 of the Dungeon.
You visited 1 branch of the dungeon, and saw 4 of its levels.

You collected 112 gold pieces.

Inventory:

Hand Weapons
 c - a +0 whip
 j - a +0 dagger of electrocution
 n - a +2 whip of freezing (weapon)
Missiles
 b - 56 arrows
 d - 19 stones
 e - 27 bolts
 g - 9 sling bullets
Armour
 a - a +0 robe (worn)
 h - a +0 chain mail
 i - a +0 ring mail
Jewellery
 r - an amulet of guardian spirit
Wands
 m - a wand of flame (8)
Scrolls
 p - a scroll of brand weapon {unknown}
 q - a scroll of enchant weapon {unknown}
Potions
 f - a potion of might
 k - a potion of resistance {unknown}
 l - a potion of magic {unknown}
 o - a potion of lignification {unknown}


   Skills:
 + Level 1.1 Fighting
 + Level 1.0 Maces & Flails
 + Level 2.5 Dodging
 + Level 2.6 Stealth
 + Level 2.3 Spellcasting
 + Level 1.8 Conjurations
 + Level 3.3 Fire Magic


You had 4 spell levels left.
You knew the following spells:

 Your Spells              Type           Power      Damage    Failure   Level
a - Foxfire               Conj/Fire      52%        2x1d6     4%          1
b - Scorch                Fire           32%        2d6       5%          2

Your spell library contained the following spells:

 Spells                   Type           Power      Damage    Failure   Level
 Conjure Flame            Conj/Fire      13%        6-21      14%         3
 Inner Flame              Hex/Fire       9%         N/A       22%         3
 Dazzling Flash           Conj/Hex       12%        N/A       28%         3
 Flame Wave               Conj/Fire      13%        2d6       43%         4
 Iskenderun's Mystic Bla  Conj/Tloc      6%         2d4       67%         4
 Cause Fear               Hex            1%         N/A       80%         4
 Starburst                Conj/Fire      6%         6d4       100%        6
 Dragon Form              Tmut           1%         N/A       100%        7
 Dragon's Call            Summ           1%         N/A       100%        9


Dungeon Overview and Level Annotations

Branches:
Dungeon (4/15)
 Temple: D:4-7

Annotations:
D:2 Sigmund


Innate Abilities, Weirdness & Mutations

You have an increased reservoir of magic. (+10% MP)
You shall have no god before yourself.
Your divine heritage dramatically boosts your attributes as you level up.


Message History

Casting: Scorch (safe; 5% risk of failure)
Confirm with . or Enter, or press ? or * to list all spells.
Flames lash the orc priest.
The orc priest is burned terribly!
You kill the orc priest!
An orc priest comes into view. It is wielding a +0 hand axe.
An orc priest comes into view. It is wielding a +0 club.
The orc priest calls down the wrath of Beogh upon you.
Beogh smites you!
* * * LOW HITPOINT WARNING * * *
Your Maces & Flails skill increases to level 1!
Okay, then.
Okay, then.
A hound skeleton comes into view.
The hound skeleton misses you.
You hit the hound skeleton.
The hound skeleton is moderately damaged.
The hound skeleton bites you but does no damage.
The hound skeleton barely misses you.
You hit the hound skeleton.
The hound skeleton is heavily damaged.
The hound skeleton bites you.
* * * LOW HITPOINT WARNING * * *
Casting: Scorch (safe; 5% risk of failure)
Confirm with . or Enter, or press ? or * to list all spells.
Flames lash the orc priest.
The orc priest is heavily wounded.
The orc priest's fire resistance burns away.
The hound skeleton closely misses you.
An orc comes into view. It is wielding a +0 hand axe.
Okay, then.
Okay, then.
Sorry, you're not good enough to have a special ability.
It was a potion of might.
You feel very mighty all of a sudden. The hound skeleton bites you.
* * * LOW HITPOINT WARNING * * *
The hound skeleton bites you but does no damage.
The orc priest invokes the aid of Beogh against you.
Beogh smites you!
You die...

#.# #.# # # #.# ###)#
.#
######.########..###.#
................#o#.#
#########.########.# #
#.# #.# #.# #.#
#.########o#
#.#o...Z@o.#
#.#.######## #.# #.#


You could see 2 orc priests, an orc (wandering) and a hound skeleton.

Vanquished Creatures
  A centaur zombie (D:3)
  An orc priest (D:4)
  A bullfrog skeleton (D:3)
  3 adders
  2 dart slugs
  An orc (D:4)
  5 endoplasms
  3 giant cockroaches
  6 goblins
  2 hobgoblins
  2 kobolds
  2 quokkas
  4 ball pythons
  3 bats
  4 frilled lizards (D:2)
  A rat (D:3)
41 creatures vanquished.

Vanquished Creatures (others)
  93 foxfires
93 creatures vanquished.

Grand Total: 134 creatures vanquished

Notes
Turn   | Place    | Note
-------+----------+-------------------------------------------
     0 | D:1      | croobank the Demigod Fire Elementalist began the quest for
                  | the Orb.
     0 | D:1      | Reached XP level 1. HP: 14/14 MP: 5/5
    93 | D:1      | Reached skill level 1 in Conjurations
   526 | D:1      | Reached XP level 2. HP: 20/20 MP: 4/7
   529 | D:1      | Learned a level 2 spell: Scorch
   588 | D:1      | You fall into a shaft and drop 1 floor!
  1415 | D:2      | Reached skill level 3 in Fire Magic
  1415 | D:2      | Reached XP level 3. HP: 26/26 MP: 4/8
  1781 | D:2      | Noticed Sigmund
  2195 | D:3      | Reached XP level 4. HP: 18/34 MP: 2/10
  3219 | D:4      | Reached skill level 1 in Fighting
  3221 | D:4      | Reached skill level 1 in Maces & Flails
  3231 | D:4      | Killed from afar by an orc priest

Illustrated notes

Levels and vault maps discovered:
D:1:      saegor_arrival_simple_e, layout_basic,
          hellmonk_ecumenical_altar_inner_sanctum
D:2:      layout_loops_corners, uniq_sigmund
D:3:      layout_loops_corners, nicolae_uskayaw_dance_hall,
          minmay_misc_feat_enclosed, st_stairs_10
D:4:      layout_loops_ring, hangedman_abyss_or_decor_stabs, uniq_pikel,
          uniq_ijyb

Skill      XL: |  1  2  3  4 |
---------------+-------------+-----
Conjurations   | 1 |  1.8
Stealth        | 2 |  2.6
Dodging        | 2 |  2.5
Spellcasting   | 2 |  2.3
Fire Magic     | 3 |  3.3
Fighting       | 1 |  1.1
Maces & Flails | 1 |  1.0

Action                   |  1- 3 |  4- 6 || total
-------------------------+-------+-------++-------
Melee: Whip              |    23 |     2 ||    25
       Punch             |     1 |       ||     1
 Cast: Foxfire           |    40 |    12 ||    52
       Scorch            |     8 |     8 ||    16
  Use: Scroll            |     2 |       ||     2
       Potion            |     1 |     1 ||     2
Armor: Robe              |    11 |     2 ||    13
Dodge: Dodged            |    30 |     6 ||    36
